 Dungeon Crawl Stone Soup version 0.19.4-8-ga85b6b9 (webtiles) character file.

557 pps the Slasher (level 7, -2/55 HPs)
             Began as a Human Fighter on Feb 14, 2017.
             Was an Initiate of Sif Muna.
             Slain by Menkaure (17 damage)
             ... on level 5 of the Dungeon.
             The game lasted 00:47:53 (3715 turns).

pps the Slasher (Human Fighter)                     Turns: 3715, Time: 00:47:53

Health: -2/55      AC:  7    Str: 17    XL:     7   Next: 56%
Magic:  7/7        EV:  8    Int:  8    God:    Sif Muna [......]
Gold:   233        SH: 12    Dex: 14    Spells: 0 memorised, 6 levels left

rFire  . . .     SeeInvis .     a - +0 long sword
rCold  . . .     Gourm    .     b - +0 scale mail
rNeg   . . .     Faith    .     c - +0 shield
rPois  .         Spirit   .     (no helmet)
rElec  .         Reflect  +     (no cloak)
rCorr  .         Harm     .     (no gloves)
MR     .....                    (no boots)
Stlth  ..........               s - +3 amulet of reflection
                                (no ring)
                                (no ring)

@: no status effects
A: no striking features
a: Renounce Religion


You were on level 5 of the Dungeon.
You worshipped Sif Muna.
Sif Muna was noncommittal.
You were hungry.

You visited 1 branch of the dungeon, and saw 5 of its levels.

You collected 233 gold pieces.

Inventory:

Hand Weapons
 a - a +0 long sword (weapon)
 e - a +0 hand axe
 k - a +0 hand axe
 m - a +0 dagger
 o - a +0 dagger
 r - a +0 dagger
 x - a +0 hand axe
 y - a +0 dagger
 z - a +0 spear
 G - a +0 dagger
 H - a +0 dagger
 J - a +0 blowgun
 M - a +0 mace
 P - the +5 whip of Fragile Peace {flame, Str+6, unknown}
   (You found it on level 4 of the Dungeon)

   It has been specially enchanted to burn those struck by it, causing extra
   injury to most foes and up to half again as much damage against particularly
   susceptible opponents.
   It affects your strength (+6).
Missiles
 n - 34 arrows
 u - 17 sling bullets
 C - 48 bolts
 K - 14 poisoned needles
Armour
 b - a +0 scale mail (worn)
 c - a +0 shield (worn)
 l - a +0 robe
 t - a +0 robe
 X - a cursed +0 robe
Jewellery
 i - an uncursed ring of ice
 p - an uncursed ring of wizardry
 s - a +3 amulet of reflection (around neck)
 E - an uncursed ring of see invisible
 L - an uncursed ring of flight {unknown}
 S - an uncursed ring of wizardry
Wands
 W - a wand of iceblast (6/15)
Scrolls
 h - a scroll of fog {unknown}
 j - 3 scrolls of teleportation
 q - a scroll of enchant armour {unknown}
 w - 2 scrolls of remove curse
 A - a scroll of recharging {unknown}
 N - a scroll of enchant weapon {unknown}
 U - a scroll of random uselessness {unknown}
Potions
 d - 2 potions of might
 v - a potion of heal wounds
 F - 3 potions of agility
 I - a potion of flight
 O - a potion of ambrosia
 Q - a potion of cure mutation {unknown}
 R - a potion of magic {unknown}
 T - a potion of degeneration {unknown}
Comestibles
 f - 2 bread rations
 g - 2 slices of pizza
 B - 2 meat rations
 D - a beef jerky
 V - 2 fruits


   Skills:
 + Level 4.4 Fighting
 + Level 5.2 Long Blades
 + Level 3.9 Armour
 + Level 1.2 Dodging
 + Level 0.2 Stealth
 + Level 4.7 Shields


You had 6 spell levels left.
You didn't know any spells.

Dungeon Overview and Level Annotations

Branches:
Dungeon (5/15)
 Temple: D:4-7

Altars:
Fedhas
Hepliaklqana
Kikubaaqudgha
Ru
Sif Muna
Xom

Annotations:
D:5 Menkaure


Message History

Menkaure calls on the powers of darkness!
Your body is wracked with pain!
Menkaure gestures at you while chanting.
You struggle to resist.
You block Menkaure's attack.
You are feeling hungry.
You hit Menkaure.
Menkaure is lightly damaged.
You block Menkaure's attack.
You hit Menkaure but do no damage.
Menkaure is lightly damaged.
You block Menkaure's attack.
You barely miss Menkaure.
Menkaure is lightly damaged.
Menkaure hits you!
* * * LOW HITPOINT WARNING * * *
You hit Menkaure.
Menkaure is moderately damaged.
Menkaure hits you!
You die...

..#
#...######..
...##
#.#.##.....#
...#
##...†..#####
#..# #...#####
#..#####..##
##.......## ##
###.....#...#
###.
#...##.##.#>#
#...
....#.M@.##.#.#
###.##
#.....####..#.#
##...## .!...
..##.# ##......
>..# ..#
.###..#.... #.#
#.. ...........
# ..#
.##..##.... #.#
#.... #. #..>.
. #....


You could see Menkaure.

Vanquished Creatures
  2 ogres (D:4)
  A scorpion (D:4)
  A crimson imp (D:5)
  A bullfrog skeleton (D:5)
  A hound (D:5)
  An iguana (D:4)
  2 worker ants
  7 adders
  An ooze (D:4)
  3 adder skeletons (D:4)
  3 worms
  A dart slug (D:1)
  2 leopard geckos (D:2)
  9 orcs
  4 giant cockroaches
  3 goblins
  5 hobgoblins
  12 jackals
  6 kobolds
  3 quokkas
  A ball python (D:5)
  A ball python skeleton (D:5)
  8 bats
  5 frilled lizards
  8 rats
91 creatures vanquished.

Vanquished Creatures (others)
  A goblin (D:3)
1 creature vanquished.

Grand Total: 92 creatures vanquished

Notes
Turn   | Place    | Note
-------+----------+-------------------------------------------
     0 | D:1      | pps the Human Fighter began the quest for the Orb.
     0 | D:1      | Reached XP level 1. HP: 18/18 MP: 1/1
   101 | D:1      | Reached XP level 2. HP: 16/24 MP: 2/2
   674 | D:2      | Reached XP level 3. HP: 26/29 MP: 3/3
  1065 | D:2      | Reached XP level 4. HP: 17/35 MP: 4/4
  1173 | D:2      | Found a deep blue altar of Sif Muna.
  1193 | D:2      | Became a worshipper of Sif Muna the Loreminder
  1799 | D:3      | Found a sacrificial altar of Ru.
  1853 | D:3      | Found a shimmering altar of Xom.
  1855 | D:3      | Found an ancient bone altar of Kikubaaqudgha.
  1869 | D:3      | Found a hazy altar of Hepliaklqana.
  2183 | D:3      | Reached skill level 3 in Long Blades
  2320 | D:3      | Reached XP level 5. HP: 32/41 MP: 5/5
  2865 | D:4      | Noticed an ogre
  2879 | D:4      | Killed an ogre
  2879 | D:4      | Reached skill level 4 in Long Blades
  2879 | D:4      | Reached XP level 6. HP: 38/48 MP: 6/6
  2902 | D:4      | Got a twisted whip
  2909 | D:5      | Entered Level 5 of the Dungeon
  2962 | D:4      | Found a blossoming altar of Fedhas.
  2963 | D:4      | Noticed an ogre
  2972 | D:4      | Killed an ogre
  2972 | D:4      | Reached skill level 1 in Dodging
  3287 | D:4      | Reached XP level 7. HP: 54/54 MP: 7/7
  3473 | D:5      | Reached skill level 5 in Long Blades
  3674 | D:5      | Noticed Menkaure
  3715 | D:5      | Slain by Menkaure

Skill      XL: |  1  2  3  4  5  6  7 |
---------------+----------------------+-----
Long Blades    | 3 4 5 |  5.2
Shields        | 4 |  4.7
Fighting       | 4 |  4.4
Dodging        | 1 |  1.2
Armour         | |  3.9
Stealth        | |  0.2

Action                   |  1- 3 |  4- 6 |  7- 9 || total
-------------------------+-------+-------+-------++-------
Melee: Long sword        |   100 |   211 |    88 ||   399
  Use: Potion            |       |     2 |       ||     2
       Scroll            |       |     4 |     1 ||     5
  Eat: Royal jelly       |       |     1 |       ||     1
       Beef jerky        |       |     1 |       ||     1
       Bread ration      |       |     1 |       ||     1
       Pizza             |       |     1 |       ||     1
Armor: Scale mail        |    28 |    75 |    37 ||   140
Dodge: Dodged            |    25 |    47 |    15 ||    87
Block: Shield            |    40 |   157 |    52 ||   249
       Reflection        |       |     4 |       ||     4
       Rpst.: Long sword |     8 |    14 |     8 ||    30
